 Dungeon Crawl Stone Soup version 0.30-a0-141-g30f27751c5 (webtiles) character file.

Game seed: 13812078145395112682

79 Belterius the Covered (level 4, -10/41 HPs)
             Began as a Minotaur Fighter on Sept 25, 2022.
             Killed by divine providence
             ... invoked by an orc priest
              (11 damage)
             ... on level 3 of the Dungeon.
             The game lasted 00:02:40 (1973 turns).

Belterius the Covered (Minotaur Fighter)            Turns: 1973, Time: 00:02:41

Health: -10/41     AC: 11    Str: 23    XL:     4   Next: 16%
Magic:  3/3        EV:  9    Int:  8    God:
Gold:   115        SH:  4    Dex:  9    Spells: 3/3 levels left

rFire   + + .      SeeInvis .    a - +0 war axe
rCold   x . .      Faith    .    c - +0 buckler
rNeg    . . .      Spirit   .    j - +0 fire dragon scales
rPois   +          Reflect  .    n - +2 hat {Int+3}
rElec   .          Harm     .    (no cloak)
rCorr   .          Rampage  .    (no gloves)
Will    .....                    (no boots)
Stlth   ..........               (no amulet)
HPRegen 0.13/turn                k - ring of poison resistance
MPRegen 0.08/turn                (no ring)

@: no status effects
A: horns 2, retaliatory headbutt
a: no special abilities


You were on level 3 of the Dungeon.
You visited 1 branch of the dungeon, and saw 3 of its levels.

You collected 115 gold pieces.

Inventory:

Hand Weapons
 a - a +0 war axe (weapon)
Armour
 c - a +0 buckler (worn)
 j - +0 fire dragon scales (worn)
 n - a +2 hat of intelligence (worn)
Jewellery
 k - a ring of poison resistance (left hand)
Scrolls
 e - 4 scrolls of identify {unknown}
 f - a scroll of poison {unknown}
 h - a scroll of enchant weapon {unknown}
 m - 2 scrolls of amnesia {unknown}
 p - a scroll of blinking {unknown}
 q - 2 scrolls of torment {unknown}
 r - a scroll of butterflies {unknown}
Potions
 b - 2 potions of heal wounds {unknown}
 d - a potion of might
 g - a potion of brilliance {unknown}
 i - a potion of mutation {unknown}
 l - 2 potions of haste {unknown}
 o - a potion of curing {unknown}


   Skills:
 + Level 4.3 Fighting
 + Level 3.4 Axes
 + Level 4.4 Armour
 + Level 4.3 Shields


You had 3 spell levels left.
You didn't know any spells.
Your spell library contained the following spells:

 Spells                   Type           Power      Damage    Failure   Level
 Ignite Poison            Fire/Tmut/Pois 0%         N/A       99%         3
 Mephitic Cloud           Conj/Pois/Air  0%         N/A       99%         3
 Freezing Cloud           Conj/Ice/Air   0%         6-21      100%        5
 Conjure Ball Lightning   Conj/Air       0%         3x3d6     100%        6
 Discord                  Hex            0%         N/A       100%        8
 Disjunction              Tloc           0%         N/A       100%        8


Dungeon Overview and Level Annotations

Branches:
Dungeon (3/15)

Altars:


Innate Abilities, Weirdness & Mutations

You have a pair of horns on your head.
You reflexively headbutt those who attack you in melee.


Message History

There are monsters nearby!
Unknown command.
You slash the orc wizard!
The orc wizard is severely wounded.
The orc wizard gestures wildly while chanting.
The orc wizard flickers and vanishes!
Deactivating autopickup; reactivate with Ctrl-A.
The orc priest invokes the aid of Beogh against you.
Something writhes in agony.
Reactivating autopickup.
You feel a bit more experienced.
You have reached level 4!
You feel stronger.
The orc priest mumbles some strange prayers to Beogh against you.
Beogh smites you!
* * * LOW HITPOINT WARNING * * *
Items here: ))) [[ †.
You closely miss the orc priest.
The orc priest hits you but does no damage.
An orc comes into view. It is wielding a +0 club.
You block the orc priest's attack.
The orc moves out of view.
You closely miss the orc priest.
The orc priest begins to cast a cantrip, but forgets the words!
You hit the orc priest.
The orc priest is lightly wounded.
The orc priest hits you but does no damage.
The orc priest barely misses you. You furiously retaliate!
You headbutt the orc priest, but do no damage.
You closely miss the orc priest.
The orc priest is lightly wounded.
The orc priest hits you with a +0 club.
* * * LOW HITPOINT WARNING * * *
You hit the orc priest. Your headbutt misses the orc priest.
The orc priest is moderately wounded.
The orc priest closely misses you.
You closely miss the orc priest.
The orc priest is moderately wounded.
The orc priest calls down the wrath of Beogh upon you.
Beogh smites you!
You die...

#.# #..##.##.#.##...#.#
#.# #..##.##.#.##...#.#
#^####..##...........#.#
#..........##.##.#.#.#.#
#..........##.[......#.#
#.####.....###.....#.#.#
#.# ##.##.# #....# ..
#.# #.##.#####o#.# # #.#
#.......@oB..# #.#
####.#####>#.... #.#
#..[....# # #.#
#..###### #.# #..# #.#
#..# #.########..#
#.#.........#
#†......###.#######


You could see an orc priest, an orc and a giant cockroach.

Vanquished Creatures
  A worm (D:2)
  3 dart slugs (D:1)
  3 orcs (D:3)
  7 bats
  3 endoplasms
  A giant cockroach (D:1)
  A goblin (D:3)
  5 hobgoblins
  3 jackals (D:2)
  2 quokkas (D:1)
  4 ball pythons
  5 frilled lizards
  6 kobolds
  4 rats
48 creatures vanquished.

Vanquished Creatures (others)
  An orc wizard (D:3)
  2 plants (D:1)
3 creatures vanquished.

Grand Total: 51 creatures vanquished

Notes
Turn   | Place    | Note
-------+----------+-------------------------------------------
     0 | D:1      | Belterius the Minotaur Fighter began the quest for the Orb.
     0 | D:1      | Reached XP level 1. HP: 19/19 MP: 0/0
    37 | D:1      | Found a faded altar of an unknown god.
   127 | D:1      | Reached XP level 2. HP: 25/27 MP: 1/1
   868 | D:1      | Reached XP level 3. HP: 33/33 MP: 2/2
  1967 | D:3      | Reached XP level 4. HP: 15/41 MP: 3/3
  1967 | D:3      | HP: 2/41 [orc priest/divine providence (13)]
  1973 | D:3      | Killed from afar by an orc priest

Illustrated notes

Levels and vault maps discovered:
D:1:      co_arrival_random_square_maze, layout_loops_corners,
          ebering_ecumenical_altar_abandoned, serial_forest,
          infiniplex_forest_lined_2, infiniplex_forest_clump_curved,
          infiniplex_forest_zigzag_2, infiniplex_forest_split,
          infiniplex_forest_clump_C, reono_crystal_passage,
          dreamdust_mushroom_princess
D:2:      layout_rooms
D:3:      minmay_chambers_of_twos, layout_loops_ring,
          hellmonk_ghost_happy_afterlife

Skill      XL: |  1  2 |
---------------+-------+-----
Armour         | 4 |  4.4
Shields        | 4 |  4.3
Fighting       | 4 |  4.3
Axes           | 3 |  3.4

Action                   |  1- 3 |  4- 6 || total
-------------------------+-------+-------++-------
Melee: War axe           |    90 |     6 ||    96
       Headbutt          |     9 |       ||     9
Armor: Scale mail        |    14 |       ||    14
       Fire dragon scale |    23 |     2 ||    25
Dodge: Dodged            |    40 |     2 ||    42
Block: Buckler           |    22 |     1 ||    23

Table legend: (Time is in decaauts)
 A = Elapsed time spent in this place.
 B = Non-inter-level travel time spent in this place.
 C = Inter-level travel time spent in this place.
 D = Time resting spent in this place.
 E = Time spent auto-exploring this place.
 F = Levels seen in this place.
 G = Mean time per level.
                   A        B        C        D        E       F      G
               +--------+--------+--------+--------+--------+-----+--------+
         Total |   2009 |   1951 |     58 |      0 |   1624 |   3 |  669.7 |
       Dungeon |   2009 |   1951 |     58 |      0 |   1624 |   3 |  669.7 |
               +--------+--------+--------+--------+--------+-----+--------+

Top non-repeatable levels by time:
     D:1: 1034 daAuts
     D:2: 606 daAuts
     D:3: 367 daAuts
